 Dungeon Crawl Stone Soup version 0.31-a0-431-g88bdf31460 (webtiles) character file.

Game seed: 1551636895044942587

46 randomguy2701 the Shield-Bearer (level 3, 0/49 HPs)
             Began as a Minotaur Fighter on July 31, 2023.
             Succumbed to an adder's poison
             ... on level 2 of the Dungeon.
             The game lasted 00:01:13 (959 turns).

randomguy2701 the Shield-Bearer (Minotaur Fighter)   Turns: 959, Time: 00:01:14

Health: 0/49       AC: 21    Str: 20    XL:     3   Next: 44%
Magic:  2/2        EV:  2    Int:  5    God:
Gold:   109        SH:  4    Dex: 11    Spells: 2/2 levels left

rFire   . . .        a - +0 long sword
rCold   . . .        c - +0 buckler
rNeg    . . .        b - melded +0 scale mail
rPois   +            (helmet currently unavailable)
rElec   .            (cloak currently unavailable)
rCorr   .            (gloves currently unavailable)
SInv    .            (boots currently unavailable)
Will    .....        (no amulet)
Stlth   +            (no ring)
HPRegen 0.28/turn    (no ring)
MPRegen 0.08/turn

%: no passive effects
@: lethally poisoned (0 -> -6), tree-form
A: stationary, stasis, torment immunity, boosted hp, (horns 2), (retaliatory
headbutt)
a: no special abilities


You were on level 2 of the Dungeon.
You were a tree.
You visited 1 branch of the dungeon, and saw 2 of its levels.

You collected 109 gold pieces.

Inventory:

Hand Weapons
 a - a +0 long sword (weapon)
Armour
 b - a +0 scale mail (melded)
 c - a +0 buckler (worn)
Scrolls
 e - 3 scrolls of immolation {unknown}
 h - a scroll of blinking {unknown}
Potions
 d - a potion of might
 f - a potion of haste {unknown}
 g - a potion of ambrosia {unknown}
 j - a potion of brilliance {unknown}
 k - a potion of curing {unknown}


   Skills:
 + Level 3.9 Fighting
 + Level 3.2 Long Blades
 + Level 4.2 Armour
 + Level 0.1 Dodging
 + Level 4.2 Shields


You had 2 spell levels left.
You didn't know any spells.
Your spell library was empty.

Dungeon Overview and Level Annotations

Branches:
Dungeon (2/15)

Altars:


Innate Abilities, Weirdness & Mutations

You are a tree.
Your roots penetrate the ground, keeping you stationary.
You cannot be teleported.
You are immune to unholy pain and torment.
Your maximum health is greatly increased.
Your equipment is partially melded.
((You have a pair of horns on your head.))
((You reflexively headbutt those who attack you in melee.))


Message History

The adder barely misses you.
The frilled lizard hisses.
You block the frilled lizard's attack. The adder bites you.
You miss the adder.
You feel sick. The frilled lizard barely misses you.
The adder bites you but does no damage.
You barely miss the adder.
You feel sick. The adder bites you.
You are more poisoned.
The adder poisons you! You block the frilled lizard's attack.
The adder barely misses you.
You miss the adder.
You feel sick. The frilled lizard closely misses you.
The adder bites you but does no damage. The frilled lizard bites you.
* * * LOW HITPOINT WARNING * * *
You miss the adder.
You feel sick. The adder bites you.
* * * LOW HITPOINT WARNING * * *
You block the adder's attack. The frilled lizard closely misses you.
You closely miss the adder.
You feel sick.
An adder comes into view.
The adder bites you but does no damage. The frilled lizard barely misses you.
You block the adder's attack.
You closely miss the adder. Your headbutt misses the adder.
You feel sick. You block the frilled lizard's attack.
The adder bites you but does no damage. The frilled lizard barely misses you.
You furiously retaliate!
You headbutt the frilled lizard.
You kill the frilled lizard!
You hit the adder.
The adder is severely wounded.
You feel sick. You block the adder's attack.
The adder bites you but does no damage.
You closely miss the adder. Your headbutt misses the adder.
The adder is severely wounded.
You feel sick.
You are no longer poisoned.
The adder bites you.
* * * LOW HITPOINT WARNING * * *
You are lethally poisoned!
The adder poisons you! The adder bites you but does no damage.
It was a potion of lignification.
You turn into a tree.
Your +0 scale mail melds into your body.
Your roots penetrate the ground.
You die...

#.......##.####†...##...#'#+#..#
'.......+......[...........># #
#.......#####.#........<#.#.##.#.
#.......# #.#..................
#.......+ #...).#...#####.##.##
#.......# ####..####......[..#
#.......# #..####.####.####
######### #.......# #.#
#♣######## #.# #SS....... ...
#....#)...... #.. #....#.......
#..# #....'...?... ..#
##'###....... #. #.'##.. .. ... .
.# #.##


You could see 2 adders.

Vanquished Creatures
  2 adders (D:2)
  2 ball pythons (D:1)
  5 endoplasms
  3 hobgoblins
  2 quokkas (D:2)
  5 bats
  3 frilled lizards
  2 goblins (D:1)
  A kobold (D:1)
  2 rats
27 creatures vanquished.

Notes
Turn   | Place    | Note
-------+----------+-------------------------------------------
     0 | D:1      | randomguy2701 the Minotaur Fighter began the quest for the
                  | Orb.
     0 | D:1      | Reached XP level 1. HP: 19/19 MP: 0/0
   336 | D:1      | Reached XP level 2. HP: 19/27 MP: 1/1
   742 | D:2      | Reached XP level 3. HP: 31/33 MP: 2/2
   958 | D:2      | HP: 1/33 [adder (2)]
   959 | D:2      | Succumbed to an adder's poison

Illustrated notes

Levels and vault maps discovered:
D:1:      lordsloth_arrival_two_stooges, layout_loops_ring
D:2:      layout_basic, minmay_tall_x

Skill      XL: |  1  2  3 |
---------------+----------+-----
Shields        | 4 |  4.2
Armour         | 4 |  4.2
Long Blades    | 3 |  3.2
Fighting       | |  3.9
Dodging        | |  0.1

Action                     || total
---------------------------++-------
  Melee: Long sword        ||    67
         Headbutt          ||     6
    Use: Potion            ||     1
 Armour: Scale mail        ||    48
  Dodge: Dodged            ||    43
  Block: Buckler           ||    22

Table legend: (Time is in decaauts)
 A = Elapsed time spent in this place.
 B = Non-inter-level travel time spent in this place.
 C = Inter-level travel time spent in this place.
 D = Time resting spent in this place.
 E = Time spent auto-exploring this place.
 F = Levels seen in this place.
 G = Mean time per level.
                   A        B        C        D        E       F      G
               +--------+--------+--------+--------+--------+-----+--------+
         Total |    978 |    930 |     48 |      0 |    763 |   2 |  489.0 |
       Dungeon |    978 |    930 |     48 |      0 |    763 |   2 |  489.0 |
               +--------+--------+--------+--------+--------+-----+--------+

Top non-repeatable levels by time:
     D:1: 660 daAuts
     D:2: 317 daAuts
